 Dungeon Crawl Stone Soup version 0.20.0-15-g7f486f2 (webtiles) character file.

42049 Zwobot the Carver (level 14, -1/101 HPs)
             Began as an Octopode Fighter on June 9, 2017.
             Was a Priest of Kikubaaqudgha.
             Slain by an unseen horror (8 damage)
             ... on level 11 of the Dungeon.
             The game lasted 01:45:02 (25154 turns).

Zwobot the Carver (Octopode Fighter)               Turns: 25154, Time: 01:45:02

Health: -1/101     AC:  2    Str: 15    XL:     14   Next: 18%
Magic:  16/27      EV: 21    Int: 24    God:    Kikubaaqudgha [***...]
Gold:   839        SH: 16    Dex:  9    Spells: 0/19 levels left

rFire    + . .     SeeInvis .   a - +3 scimitar (flame)
rCold    . . .     Gourm    .   h - +0 shield
rNeg     . . .     Faith    .   (helmet restricted)
rPois    .         Spirit   .   Q - amulet "Pecycw" {Reflect rC+ Int+4 Dex-5 SH+5}
rElec    +         Reflect  +   f - ring of flight
rCorr    .         Harm     .   E - ring of magical power
MR       +....                  G - +5 ring of evasion
Stlth    +++.......             L - ring of Paraivvonucs {Ice rElec Int+7}
Regen    0.3/turn               F - ring of fire
MPRegen  0.2/turn               A - ring of fire
                                (no ring)
                                (no ring)

@: about to teleport
A: almost no armour, stealthy swim, amphibious, 8 rings, constrict 8, rugged
brown scales 1, camouflage 1, screaming 1, gelatinous body 1
a: Receive Corpses, Renounce Religion, Evoke Flight


You were on level 11 of the Dungeon.
You worshipped Kikubaaqudgha.
Kikubaaqudgha was most pleased with you.
You were very hungry.

You visited 3 branches of the dungeon, and saw 18 of its levels.
You also visited: Labyrinth and Sewer.

You collected 1283 gold pieces.
You spent 444 gold pieces at shops.

Inventory:

Hand Weapons
 a - a +3 scimitar of flaming (weapon)
 q - a +0 dagger of electrocution
 r - a +0 blowgun
Missiles
 n - 3 throwing nets
 s - 75 poisoned needles
 x - 5 javelins (quivered)
 W - 5 curare-tipped needles
Armour
 h - a +0 shield (worn)
 O - a +0 large shield
Magical Staves
 I - an uncursed staff of air
Jewellery
 f - a ring of flight (left tentacle)
 A - a ring of fire (on tentacle)
 E - a ring of magical power (right tentacle)
 F - a ring of fire (on tentacle)
 G - a +5 ring of evasion (on tentacle)
 L - the ring of Paraivvonucs (on tentacle) {Ice rElec Int+7}
   (You acquired it on level 1 of the Lair of Beasts)

   [ring of ice]

   It enhances your ice magic.
   It affects your intelligence (+7).
   It makes you vulnerable to fire.
   It protects you from cold.
   It insulates you from electricity.
 Q - the amulet "Pecycw" (around mantle) {Reflect rC+ Int+4 Dex-5 SH+5}
   (You found it on level 1 of the Lair of Beasts)

   [amulet of reflection]

   It shields you and reflects attacks.
   It affects your intelligence (+4).
   It affects your dexterity (-5).
   It protects you from cold.
   It affects your SH (+5).
Wands
 e - a wand of scattershot (0/9)
 m - a wand of random effects (24/48)
 v - a wand of digging (5/24)
 z - a wand of paralysis (11/24)
 B - a wand of flame (38/48)
 J - a wand of acid (7/15)
 K - a wand of digging (7/24)
 R - a wand of confusion (0/48)
 U - a wand of disintegration (3/24)
 V - a wand of paralysis (7/24)
Scrolls
 g - 7 scrolls of teleportation
 j - 9 scrolls of remove curse
 k - 2 scrolls of amnesia
 o - a scroll of recharging
 u - 2 scrolls of fog
 H - 2 scrolls of immolation
 Y - 3 scrolls of summoning
Potions
 c - 4 potions of might
 l - 3 potions of flight
 t - 4 potions of curing
 w - 2 potions of cancellation
 N - 2 potions of haste
 T - a potion of magic {unknown}
 Z - 2 potions of invisibility
Books
 i - Dyothrai's Catalogue of Confrontation
   (You found it on level 3 of the Lair of Beasts)

   Spells                             Type                      Level
   a - Shock                          Conjuration/Air              1
   b - Mephitic Cloud                 Conjuration/Poison/Air       3
   c - Stone Arrow                    Conjuration/Earth            3
   d - Fireball                       Conjuration/Fire             5
   e - Iron Shot                      Conjuration/Earth            6
 p - Zowyode's Volume of Enchanting Summoning
   (You found it on level 6 of the Lair of Beasts)

   Spells                             Type                      Level
   a - Inner Flame                    Hexes/Fire                   3
   b - Aura of Abjuration             Summoning                    5
   c - Summon Demon                   Summoning                    5
   d - Darkness                       Hexes                        6
 y - a book of Cantrips

   Spells                             Type                      Level
   a - Confusing Touch                Hexes                        1
   b - Animate Skeleton               Necromancy                   1
   c - Summon Small Mammal            Summoning                    1
   d - Apportation                    Translocation                1
 M - Kikubaaqudgha's Grimoire of Sinister Rites
   (Kikubaaqudgha gifted it to you on level 4 of the Lair of Beasts)

   Spells                             Type                      Level
   a - Animate Dead                   Necromancy                   4
   b - Agony                          Necromancy                   5
   c - Cigotuvi's Embrace             Necromancy                   5
   d - Dispel Undead                  Necromancy                   5
   e - Death Channel                  Necromancy                   6
 P - Kikubaaqudgha's Catalogue of Stolen Souls
   (Kikubaaqudgha gifted it to you on level 9 of the Dungeon)

   Spells                             Type                      Level
   a - Pain                           Necromancy                   1
   b - Corpse Rot                     Necromancy                   2
   c - Sublimation of Blood           Necromancy                   2
   d - Vampiric Draining              Necromancy                   3
   e - Control Undead                 Necromancy                   4
 S - a book of Power

   Spells                             Type                      Level
   a - Iskenderun's Battlesphere      Conjuration/Charms           5
   b - Venom Bolt                     Conjuration/Poison           5
   c - Bolt of Magma                  Conjuration/Fire/Earth       5
   d - Iron Shot                      Conjuration/Earth            6
   e - Orb of Destruction             Conjuration                  7
   f - Spellforged Servitor           Conjuration/Summoning        7
Miscellaneous
 b - a fan of gales
Comestibles
 d - 6 bread rations
 C - 8 meat rations
 D - 9 chunks of flesh
 X - 14 fruits


   Skills:
 + Level 10.4 Fighting
 * Level 13.4 Long Blades
 + Level 9.9 Dodging
 - Level 3.1 Stealth
 + Level 9.9 Shields
 + Level 3.1 Spellcasting
 - Level 10.1 Necromancy
 - Level 4.2 Evocations


You couldn't memorise any spells.
You knew the following spells:

 Your Spells              Type           Power        Failure   Level  Hunger
a - Corpse Rot            Necr           N/A          1%          2    ##.....
b - Dispel Undead         Necr           ######..     9%          5    ######.
c - Vampiric Draining     Necr           ######....   1%          3    ###....
d - Control Undead        Necr           ######....   3%          4    ####...
e - Animate Dead          Necr           N/A          3%          4    ####...
f - Animate Skeleton      Necr           N/A          1%          1    None


Dungeon Overview and Level Annotations

Branches:
Dungeon (11/15)            Temple (1/1) D:6            Lair (6/6) D:10
 Shoals (0/4) Lair:3        Snake (0/4) Lair:3        Slime (0/5) Lair:5
    Orc: D:9-12

Altars:
Ashenzari
Cheibriados
Dithmenos
Elyvilon
Fedhas
Gozag
Hepliaklqana
Kikubaaqudgha
Makhleb
Nemelex Xobeh
Okawaru
Qazlal
Ru
Sif Muna
Trog
Uskayaw
Vehumet
Xom
Yredelemnul
Zin
The Shining One
Jiyva

Shops:
D:8 *   D:10 !

Annotations:
D:2 Terence
D:5 Dowan, Duvessa, Grinder
D:7 greprep's ghost, novice MiFi
D:11 Feta's ghost, journeyman FoFi
Lair:5 1 runed door


Innate Abilities, Weirdness & Mutations

You cannot wear most types of armour.
You are very stealthy in the water. (Stealth+)
You are amphibious.
You can wear up to eight rings at the same time.
You can use your tentacles to constrict eight enemies at once.
Your skin changes colour to match your surroundings (Stealth+).
Your rubbery body absorbs attacks. (AC +1, EV +1)
You are partially covered in rugged brown scales. (AC +1, +3% HP)
You occasionally shout uncontrollably at your foes.


Message History

Unknown command.
The two-headed ogre hits your hippogriff zombie with a giant spiked club!! x2
Your hippogriff zombie is destroyed!
Something hits you but does no damage.
You hear two shouts!
Evoke which item? (* to show all) (? for menu, Esc to quit)
Okay, then.
Okay, then.
As you read the scroll of teleportation, it crumbles to dust.
You feel strangely unstable. Something closely misses you.
Something barely misses you. Something hits you!
* * * LOW HITPOINT WARNING * * *
You feel better. Something hits you!
* * * LOW HITPOINT WARNING * * *
You block something's attack. You block the ogre's attack.
A two-headed ogre comes into view. It is wielding two giant clubs.
Something hits you!
You die...
Kikubaaqudgha rasps: "You have failed me!
Welcome... death!"

...........'..######+##
... #.........#### ....
#....."...# #..#
########'## ###.. #...#
...... ######'######
......##...........#
.......#..........<#
....O.))...O@......#
......##..O........+
.?.)( #[..........#
.... #...........# ...
#########+### .. #
######+# ........


You could see a two-headed ogre and an ogre.

Vanquished Creatures
  Nessos (Lair:5)
  A minotaur (Lab)
  2 hydras
  Harold (Lair:3)
  A merfolk avatar (Lair:6)
  Erica (D:8)
  5 two-headed ogres
  Sonja (Lair:1)
  2 sea snakes (Lair:6)
  An unseen horror (D:10)
  Pikel (D:8)
  3 ugly things (D:11)
  A harpy (Lair:6)
  An oklob plant (Lair:3)
  Maurice (D:8)
  A black mamba (Lair:3)
  5 elephants
  2 molten gargoyles (Lair:3)
  2 gargoyles (Lab)
  A torpor snail (Lair:4)
  11 spiny frogs
  4 rime drakes
  8 komodo dragons
  A minotaur zombie (Lab)
  2 trolls
  3 polar bears
  2 hornets
  7 blink frogs
  2 hippogriffs (D:10)
  A wyvern (Lair:6)
  A redback (Lab)
  28 yaks
  A fire elemental (Lair:3)
  A basilisk (Lair:6)
  3 fire bats (Lair:3)
  A steam dragon (Lair:2)
  2 hungry ghosts (Lab)
  7 water moccasins
  The ghost of Paps the Shield-Bearer, an amateur TrFi (D:3)
  5 porcupines
  2 sky beasts
  A slave (D:8)
  2 black bears
  An orc warrior (D:8)
  4 ogres
  5 phantoms
  2 wolves (Lair:6)
  7 centaurs
  24 crocodiles
  4 big kobolds
  13 bullfrogs
  A wyvern zombie (D:10)
  A wyvern skeleton (D:8)
  5 scorpions
  An oklob sapling (D:6)
  8 killer bees
  2 jellies
  An electric eel (Lair:1)
  5 howler monkeys
  A bullfrog zombie (D:9)
  5 crimson imps
  A centaur zombie (D:8)
  A quasit (D:6)
  9 hounds
  4 orc priests
  12 orc wizards
  2 centaur skeletons
  Natasha (D:2)
  An iguana (D:10)
  7 worker ants
  A killer bee zombie (D:10)
  A hound zombie (D:7)
  2 hound skeletons
  2 worker ant zombies
  A howler monkey zombie (D:6)
  Robin (D:4)
  15 adders
  4 gnolls (D:3)
  8 river rats (Sewer)
  6 shadow imps
  An ooze (Sewer)
  5 adder skeletons
  An adder zombie (D:6)
  5 worms
  4 dart slugs
  6 leopard geckos
  37 orcs
  6 ball pythons
  4 giant cockroaches
  11 goblins
  9 hobgoblins
  2 jackals (D:4)
  30 kobolds
  4 quokkas
  4 bats
  6 frilled lizards
  2 leopard gecko skeletons
  20 rats
  A butterfly (Lair:2)
  A fungus (Lair:1)
  A plant (D:6)
459 creatures vanquished.

Vanquished Creatures (collateral kills)
  A hydra (Lair:6)
  2 black mambas (Lair:6)
  A spiny frog (Lair:6)
  A torpor snail (Lair:6)
  A rime drake (Lair:6)
  3 komodo dragons
  3 blink frogs (Lair:5)
  3 polar bears (Lair:6)
  A hungry ghost (D:11)
  2 water moccasins
  2 wolves (Lair:6)
  2 crocodiles (Lair:6)
  7 fungi
  3 plants (Lair:6)
32 creatures vanquished.

Vanquished Creatures (others)
  3 slaves (D:8)
  A killer bee (D:8)
  An adder skeleton (D:8)
  2 orcs (D:8)
  A quokka (D:8)
  4 fungi
  4 plants
16 creatures vanquished.

Grand Total: 507 creatures vanquished

Notes
Turn   | Place    | Note
-------+----------+-------------------------------------------
     0 | D:1      | Zwobot the Octopode Fighter began the quest for the Orb.
     0 | D:1      | Reached XP level 1. HP: 16/16 MP: 1/1
   148 | D:1      | Reached skill level 1 in Stealth
   370 | D:1      | Reached XP level 2. HP: 21/21 MP: 2/2
   961 | D:2      | Found a white marble altar of Elyvilon.
   974 | D:2      | Noticed Terence
  1075 | D:2      | Reached XP level 3. HP: 24/26 MP: 3/3
  1234 | D:2      | Reached skill level 3 in Long Blades
  1301 | D:2      | Found a blossoming altar of Fedhas.
  1306 | D:2      | Found a sacrificial altar of Ru.
  1355 | D:2      | Noticed Natasha
  1906 | D:2      | Found a glowing silver altar of Zin.
  1932 | D:2      | Killed Natasha
  1932 | D:2      | Reached XP level 4. HP: 26/31 MP: 4/4
  2285 | D:3      | Found a bloodstained altar of Trog.
  2385 | D:3      | Found a glowing drain.
  2389 | Sewer    | Entered a sewer
  2452 | Sewer    | Noticed a big kobold
  2470 | Sewer    | Killed a big kobold
  2470 | Sewer    | Reached skill level 4 in Long Blades
  2470 | Sewer    | Reached XP level 5. HP: 30/36 MP: 5/5
  2907 | Sewer    | Reached XP level 6. HP: 42/42 MP: 6/6
  3627 | D:3      | Noticed Paps's ghost (amateur TrFi)
  3997 | D:3      | Reached skill level 5 in Long Blades
  4092 | D:3      | Found a shattered altar of Ashenzari.
  4407 | D:3      | Reached XP level 7. HP: 44/48 MP: 7/7
  4453 | D:3      | Killed Paps's ghost
  4843 | D:3      | Found a shimmering altar of Xom.
  4942 | D:4      | Found a burning altar of Makhleb.
  5678 | D:4      | Found a stormy altar of Qazlal.
  5708 | D:4      | Reached skill level 6 in Long Blades
  5993 | D:4      | Reached XP level 8. HP: 54/54 MP: 8/8
  6692 | D:4      | Noticed Robin
  6724 | D:4      | Killed Robin
  7081 | D:5      | Entered Level 5 of the Dungeon
  7283 | D:5      | Noticed Duvessa
  7283 | D:5      | Noticed Dowan
  7328 | D:5      | Reached skill level 5 in Fighting
  7328 | D:5      | Reached skill level 5 in Shields
  7558 | D:5      | Found a shimmering altar of Xom.
  7566 | D:5      | Reached skill level 5 in Dodging
  7692 | D:5      | Reached skill level 7 in Long Blades
  7971 | D:5      | Noticed Grinder
  7983 | D:5      | Paralysed by Grinder for 2 turns
  7993 | D:5      | Paralysed by Grinder for 5 turns
  8026 | D:5      | Reached skill level 1 in Evocations
  8656 | D:7      | Reached XP level 9. HP: 61/61 MP: 10/10
  9024 | D:7      | Noticed greprep's ghost (novice MiFi)
  9290 | D:6      | Reached skill level 8 in Long Blades
  9405 | D:6      | Found a staircase to the Ecumenical Temple.
  9938 | Temple   | Entered the Ecumenical Temple
  9954 | Temple   | Became a worshipper of Kikubaaqudgha
 11031 | D:8      | Found Ryrex's Assorted Antiques.
 11068 | D:8      | Bought a scratched peridot ring for 110 gold pieces
 11068 | D:8      | Bought a potion of heal wounds for 110 gold pieces
 11289 | D:8      | Found a basalt altar of Yredelemnul.
 11289 | D:8      | Noticed a two-headed ogre
 11586 | D:8      | Noticed Erica
 11592 | D:8      | Noticed a purple ugly thing
 12091 | D:8      | Reached skill level 9 in Long Blades
 12138 | D:8      | Noticed a troll
 12177 | D:9      | Noticed a two-headed ogre
 12323 | D:9      | Reached XP level 10. HP: 68/68 MP: 13/13
 12509 | D:10     | Entered Level 10 of the Dungeon
 12701 | D:10     | Found Nakuw's Distillery.
 12705 | D:10     | Bought a potion of heal wounds for 70 gold pieces
 12705 | D:10     | Bought a potion of lignification for 42 gold pieces
 12705 | D:10     | Bought a potion of invisibility for 112 gold pieces
 12727 | D:10     | Found a staircase to the Lair.
 12727 | D:10     | Noticed an elephant
 12727 | D:10     | Noticed a two-headed ogre
 12857 | D:9      | Reached * piety under Kikubaaqudgha
 12857 | D:9      | Identified Kikubaaqudgha's Catalogue of Stolen Souls (Kikubaaqudgha gifted it to you on level 9 of the Dungeon)
 12857 | D:9      | Received a gift from Kikubaaqudgha
 12864 | D:9      | Learned a level 2 spell: Corpse Rot
 12885 | D:9      | Reached skill level 1 in Necromancy
 13030 | D:9      | Noticed a two-headed ogre
 13074 | D:9      | Gained mutation: Scrolls take you a little longer to read. [potion of mutation]
 13074 | D:9      | Gained mutation: You evolve. [potion of mutation]
 13079 | D:9      | Killed a two-headed ogre
 13126 | D:9      | Lost mutation: Scrolls take you a little longer to read. [potion of mutation]
 13126 | D:9      | Lost mutation: You evolve. [potion of mutation]
 13126 | D:9      | Gained mutation: You are partially covered in rugged brown scales. (AC +1, +3% HP) [potion of mutation]
 13126 | D:9      | Gained mutation: You evolve. [potion of mutation]
 13277 | D:9      | Learned a level 1 spell: Pain
 13281 | D:9      | Learned a level 3 spell: Vampiric Draining
 13304 | D:9      | Killed a two-headed ogre
 13304 | D:9      | Reached skill level 5 in Necromancy
 13422 | D:9      | Found a glowing golden altar of the Shining One.
 13549 | D:8      | Killed a two-headed ogre
 13619 | D:8      | Found a deep blue altar of Sif Muna.
 13659 | D:8      | Noticed Pikel
 13675 | D:8      | Killed Pikel
 13675 | D:8      | Reached skill level 1 in Spellcasting
 13675 | D:8      | Reached XP level 11. HP: 35/76 MP: 14/14
 13692 | D:8      | Found a hide-covered altar of Uskayaw.
 13809 | D:8      | Killed Erica
 14046 | D:8      | Noticed Maurice
 14061 | D:8      | Paralysed by something for 3 turns
 14075 | D:8      | Killed Maurice
 14854 | D:10     | Killed a two-headed ogre
 15278 | D:11     | Noticed Feta's ghost (journeyman FoFi)
 15372 | Lair:1   | Entered Level 1 of the Lair of Beasts
 15372 | Lair:1   | Noticed Sonja
 15704 | Lair:1   | Reached skill level 10 in Long Blades
 16222 | Lair:1   | Noticed a four-headed hydra
 16233 | Lair:1   | Killed a one-headed hydra
 16333 | Lair:1   | Reached ** piety under Kikubaaqudgha
 16350 | Lair:1   | Identified a scroll of acquirement
 16352 | Lair:1   | Got a wavering bronze ring
 16353 | Lair:1   | Identified the ring of Paraivvonucs {Ice rElec Int+7} (You acquired it on level 1 of the Lair of Beasts)
 16409 | Lair:1   | Killed Sonja
 16836 | Lair:1   | Got an ancient iron amulet
 16838 | Lair:1   | Identified the amulet "Pecycw" {Reflect rC+ Int+4 Dex-5 SH+5} (You found it on level 1 of the Lair of Beasts)
 17045 | Lair:1   | Reached XP level 12. HP: 54/84 MP: 15/15
 17831 | Lair:2   | Reached skill level 11 in Long Blades
 18095 | Lair:2   | Noticed an eight-headed hydra
 18793 | Lair:2   | Killed a three-headed hydra
 18972 | Lair:3   | Found a labyrinth entrance.
 19065 | Lab      | Entered a labyrinth
 19536 | Lab      | Learned a level 4 spell: Control Undead
 19687 | Lab      | Noticed a minotaur
 19698 | Lab      | Killed a minotaur
 20082 | Lair:3   | Found a staircase to the Shoals.
 20096 | Lair:3   | Noticed Harold
 20111 | Lair:3   | Killed Harold
 20111 | Lair:3   | Reached skill level 12 in Long Blades
 20296 | Lair:3   | Identified Dyothrai's Catalogue of Confrontation
 20329 | Lair:3   | Reached XP level 13. HP: 50/92 MP: 16/16
 20469 | Lair:3   | Found a staircase to the Snake Pit.
 21631 | Lair:4   | Reached *** piety under Kikubaaqudgha
 21631 | Lair:4   | Identified Kikubaaqudgha's Grimoire of Sinister Rites (Kikubaaqudgha gifted it to you on level 4 of the Lair of Beasts)
 21631 | Lair:4   | Received a gift from Kikubaaqudgha
 21640 | Lair:4   | Learned a level 4 spell: Animate Dead
 21917 | Lair:5   | Noticed Nessos
 21931 | Lair:5   | Killed Nessos
 22015 | Lair:5   | Found a runed door.
 22323 | Lair:5   | Found a viscous altar of Jiyva.
 22324 | Lair:5   | Found a staircase to the Slime Pits.
 22488 | Lair:6   | Entered Level 6 of the Lair of Beasts
 22503 | Lair:6   | Reached skill level 10 in Necromancy
 22928 | Lair:6   | Reached skill level 10 in Fighting
 22946 | Lair:6   | Reached skill level 13 in Long Blades
 23048 | Lair:6   | Learned a level 1 spell: Animate Skeleton
 23050 | Lair:6   | Learned a level 1 spell: Apportation
 23222 | Lair:6   | Reached **** piety under Kikubaaqudgha
 23605 | Lair:6   | Identified Zowyode's Volume of Enchanting Summoning
 23706 | Lair:6   | Reached XP level 14. HP: 83/101 MP: 17/17
 23715 | Lair:6   | Gained mutation: You occasionally shout uncontrollably at your foes. [evolution]
 23715 | Lair:6   | Lost mutation: You evolve. [end of evolution]
 24707 | D:10     | Learned a level 5 spell: Dispel Undead
 25154 | D:11     | Slain by an unseen horror

Skill      XL: |  1  2  3  4  5  6  7  8  9 10 11 12 13 14 |
---------------+-------------------------------------------+-----
Stealth        | 1 2 3 |  3.1
Long Blades    | 3 4 5 6 7 9 10 12 13 | 13.4
Fighting       | 4 5 6 7 9 10 | 10.4
Shields        | 4 5 6 7 8 9 |  9.9
Dodging        | 4 5 6 7 8 9 |  9.9
Evocations     | 1 4 |  4.2
Necromancy     | 7 8 9 10 | 10.1
Spellcasting   | 1 2 3 |  3.1

Action                   |  1- 3 |  4- 6 |  7- 9 | 10-12 | 13-15 || total
-------------------------+-------+-------+-------+-------+-------++-------
Melee: Long sword        |    48 |   123 |   238 |   170 |       ||   579
       Tentacles         |     9 |    24 |    61 |   106 |    67 ||   267
       Constrict         |    14 |    33 |    59 |    55 |    33 ||   194
       Dagger            |       |     3 |   135 |    57 |       ||   195
       Scimitar          |       |       |       |   279 |   347 ||   626
 Fire: Hunting sling     |     7 |    61 |       |       |       ||    68
       Blowgun           |       |    22 |    25 |     4 |       ||    51
Throw: Stone             |     2 |     2 |     6 |       |       ||    10
       Javelin           |       |     1 |    39 |    30 |     6 ||    76
 Cast: Corpse Rot        |       |       |       |    13 |     5 ||    18
       Vampiric Draining |       |       |       |    29 |    43 ||    72
       Pain              |       |       |       |     7 |       ||     7
       Control Undead    |       |       |       |     2 |       ||     2
       Animate Dead      |       |       |       |       |    28 ||    28
       Animate Skeleton  |       |       |       |       |     7 ||     7
Invok: Receive Corpses   |       |       |       |    10 |    11 ||    21
Evoke: Wand              |       |       |    16 |    21 |    13 ||    50
  Use: Scroll            |     4 |     4 |    12 |     9 |     9 ||    38
       Potion            |     1 |     1 |    12 |    12 |     2 ||    28
 Stab: Sleeping          |     8 |     6 |    19 |    13 |     6 ||    52
       Distracted        |     1 |       |       |     3 |     1 ||     5
       Invisible         |       |       |       |     6 |       ||     6
       Paralysed         |       |       |       |    13 |       ||    13
       Confused          |       |       |       |     1 |       ||     1
  Eat: Chunk             |     2 |     5 |    18 |     7 |    20 ||    52
       Royal jelly       |       |     2 |     1 |     2 |       ||     5
       Fruit             |       |       |     6 |     3 |     7 ||    16
       Bread ration      |       |       |       |     5 |       ||     5
Armor: Skin              |     2 |     4 |    43 |    47 |     6 ||   102
Dodge: Dodged            |    21 |    39 |    89 |   239 |   159 ||   547
Block: Shield            |    13 |    41 |   112 |   246 |   200 ||   612
       Reflection        |       |       |       |     2 |     3 ||     5
       Rpst.: Long sword |     8 |    11 |    17 |    24 |       ||    60
       Scimitar          |       |       |       |    34 |    40 ||    74
